 Dungeon Crawl Stone Soup version 0.23.2-11-gf996548c65 (webtiles) character file.

Game seed: 16291984963907192464

1539 MalarOregon the Chiller (level 8, -2/67 HPs)
             Began as a Ghoul Ice Elementalist on June 4, 2019.
             Slain by an ice beast (5 damage)
             ... on level 7 of the Dungeon.
             The game lasted 00:18:50 (10652 turns).

MalarOregon the Chiller (Ghoul Ice Elementalist)   Turns: 10652, Time: 00:18:51

Health: -2/67      AC:  4    Str: 12    XL:     8   Next: 86%
Magic:  23/23      EV: 13    Int: 16    God:
Gold:   305        SH:  0    Dex: 12    Spells: 5/16 levels left

rFire    . . .     SeeInvis .   c - +1 dagger (venom)
rCold    + . .     Gourm    .   (no shield)
rNeg     + + +     Faith    .   a - +0 robe
rPois    ∞         Spirit   .   o - +0 helmet
rElec    .         Reflect  .   (no cloak)
rCorr    .         Harm     .   b - +0 pair of gloves {Dex+3}
MR       .....                  (no boots)
Stlth    +++.......             f - amulet of magic regeneration
HPRegen  0.00/turn              r - +4 ring of intelligence
MPRegen  0.43/turn              m - ring of magical power

@: rotting
A: rotting body, claws 1, carnivore, cold resistance 1, negative energy
resistance 3, inhibited regeneration, torment resistance, unbreathing
a: no special abilities


You were on level 7 of the Dungeon.
You were not hungry.

You visited 1 branch of the dungeon, and saw 7 of its levels.

You collected 305 gold pieces.

Inventory:

Hand Weapons
 c - a +1 dagger of venom (weapon)
   (You found it on level 1 of the Dungeon)
Missiles
 l - a throwing net (quivered) {!f}
Armour
 a - a +0 robe (worn)
 b - a +0 pair of gloves of dexterity (worn)
   (You found it on level 2 of the Dungeon)
 o - a +0 helmet (worn)
   (You took it off Robin on level 2 of the Dungeon)
Magical Staves
 s - an uncursed staff of power {!a}
   (You found it on level 6 of the Dungeon)
Jewellery
 f - an amulet of magic regeneration (around neck)
   (You found it on level 6 of the Dungeon)
 m - a ring of magical power (right hand)
   (You found it on level 6 of the Dungeon)
 r - a +4 ring of intelligence (left hand)
   (You took it off an orc priest on level 3 of the Dungeon)
Wands
 d - a wand of iceblast (6)
   (You found it on level 5 of the Dungeon)
 i - a wand of polymorph (13)
   (You found it on level 5 of the Dungeon)
Scrolls
 g - 4 scrolls of teleportation {@r4}
 p - 2 scrolls of identify {@r1}
 q - a scroll of fog
Potions
 h - 2 potions of brilliance
 j - 2 potions of invisibility
 n - a potion of curing {@q1}
Comestibles
 e - 12 rations {!d}


   Skills:
 + Level 4.6 Fighting
 - Level 3.2 Dodging
 - Level 5.0 Stealth
 + Level 4.7 Spellcasting
 - Level 2.0 Conjurations
 + Level 2.1 Summonings
 + Level 6.7 Ice Magic


You had 5 spell levels left.
You knew the following spells:

 Your Spells              Type           Power        Failure   Level  Hunger
a - Freeze                Ice            ####         1%          1    None
c - Throw Icicle          Conj/Ice       ###.....     26%         4    ####...
d - Summon Ice Beast      Ice/Summ       ###.....     26%         4    ####...
x - Throw Frost           Conj/Ice       ###...       3%          2    ##.....

Your spell library contained the following spells:

 Spells                   Type           Power        Failure   Level  Hunger
 Ozocubu's Armour         Chrm/Ice       ##......     12%         3    ###....


Dungeon Overview and Level Annotations

Branches:
Dungeon (7/15)
 Temple: D:4-7

Altars:
Cheibriados
Hepliaklqana
Qazlal
Wu Jian


Innate Abilities, Weirdness & Mutations

Your body is rotting away.
You thrive on raw meat.
You are immune to poison.
You have sharp fingernails.
You are carnivorous and can eat meat at any time.
Your flesh is cold resistant. (rC+)
You are immune to negative energy. (rN+++)
You do not regenerate when monsters are visible.
You are immune to unholy pain and torment.
You can survive without breathing.


Message History

The ice beast freezes you. You resist.
You hit the ice beast. The ice beast misses you.
You completely miss the ice beast. The ice beast hits you.
The ice beast freezes you. You resist.
You barely miss the ice beast. The ice beast misses you.
You hit the ice beast. The ice beast hits you. The ice beast freezes you.
You resist.
You hit the ice beast but do no damage. The ice beast barely misses you.
You hit the ice beast.
The ice beast hits you but does no damage.
You hit the ice beast but do no damage. The ice beast barely misses you.
You closely miss the ice beast. The ice beast hits you.
The ice beast freezes you. You resist.
You hit the ice beast but do no damage.
The ice beast is poisoned.
The ice beast hits you but does no damage.
You barely miss the ice beast. The ice beast misses you.
You closely miss the ice beast. The ice beast misses you.
You closely miss the ice beast.
The ice beast hits you but does no damage.
You hit the ice beast but do no damage. The ice beast hits you.
The ice beast freezes you. You resist.
You hit the ice beast but do no damage. The ice beast hits you.
The ice beast freezes you. You resist.
* * * LOW HITPOINT WARNING * * *
The ice beast looks more healthy.
You closely miss the ice beast. You hit the ice beast. The ice beast hits you.
* * * LOW HITPOINT WARNING * * *
The ice beast freezes you. You resist.
* * * LOW HITPOINT WARNING * * *
You hit the ice beast. The ice beast hits you.
* * * LOW HITPOINT WARNING * * *
The ice beast freezes you! You resist.
* * * LOW HITPOINT WARNING * * *
Eat one of 2 chunks of flesh? (ye/n/q)
You eat one of the 2 chunks of flesh.
This raw flesh tastes great!
The ice beast hits you.
* * * LOW HITPOINT WARNING * * *
The ice beast freezes you! You resist.
* * * LOW HITPOINT WARNING * * *
Eat a chunk of flesh? (ye/n/q)
You eat the chunk of flesh.
This raw flesh tastes great!
The ice beast hits you.
* * * LOW HITPOINT WARNING * * *
The ice beast freezes you. You resist.
* * * LOW HITPOINT WARNING * * *
The ice beast hits you.
* * * LOW HITPOINT WARNING * * *
The ice beast freezes you. You resist.
You die...

#.##### #...........# #.....#
#...........# #.....#
#...........#
#.....###...........#
#...................#
#.....##............#
#...................#######
#.....##...................
#.....##..@Y........#######
####.#.#.##.########.#........
#..#.#.#.##.# #.#..#.....
#..#.#.#....# #.####.####
#..#.#.###### .......†....
#..........# ##.####.####
##.#.#.###.# #.# ... #.#.#.#
#.# ... #.#.#.# .###.


You could see an ice beast.

Vanquished Creatures
  Prince Ribbit (D:5)
  A sky beast (D:6)
  An ice beast (D:6)
  An orc warrior (D:6)
  A centaur (D:6)
  A bullfrog (D:7)
  2 crimson imps (D:6)
  2 jellies
  A hound (D:4)
  4 orc priests
  4 iguanas
  7 orc wizards
  3 worker ants
  A hound skeleton (D:6)
  A howler monkey zombie (D:6)
  Robin (D:2)
  5 adders
  4 gnolls
  A howler monkey skeleton (D:6)
  A shadow imp (D:6)
  An ooze (D:2)
  2 adder skeletons
  2 worms (D:2)
  3 leopard geckos
  29 orcs
  A ball python (D:5)
  7 bats
  7 giant cockroaches
  17 goblins
  5 hobgoblins
  7 jackals
  2 quokkas
  5 frilled lizards
  7 kobolds
  A leopard gecko zombie (D:6)
  A quokka skeleton (D:6)
  6 rats
146 creatures vanquished.

Notes
Turn   | Place    | Note
-------+----------+-------------------------------------------
     0 | D:1      | MalarOregon the Ghoul Ice Elementalist began the quest for
                  | the Orb.
     0 | D:1      | Reached XP level 1. HP: 14/14 MP: 2/2
   247 | D:1      | Reached XP level 2. HP: 19/20 MP: 3/3
   730 | D:2      | Found a hazy altar of Hepliaklqana.
   730 | D:2      | Found an ornate altar of the Wu Jian Council.
   814 | D:2      | Noticed Robin
   830 | D:1      | HP: 1/20 [hobgoblin[Robin] (3)]
   838 | D:1      | Reached XP level 3. HP: 2/26 MP: 0/5
  1656 | D:1      | Learned a level 2 spell: Throw Frost
  2050 | D:2      | Reached skill level 1 in Conjurations
  2050 | D:2      | Reached XP level 4. HP: 3/32 MP: 0/6
  2599 | D:2      | Killed Robin
  2599 | D:2      | Reached skill level 4 in Ice Magic
  3158 | D:2      | Reached XP level 5. HP: 22/38 MP: 1/7
  3490 | D:3      | Found a snail-covered altar of Cheibriados.
  3492 | D:3      | Found a stormy altar of Qazlal.
  4595 | D:3      | Reached XP level 6. HP: 38/45 MP: 0/9
  4866 | D:3      | Found a faded altar of an unknown god.
  5544 | D:4      | Reached skill level 1 in Fighting
  5964 | D:4      | Reached skill level 5 in Ice Magic
  5964 | D:4      | Reached XP level 7. HP: 52/52 MP: 0/10
  6444 | D:5      | Entered Level 5 of the Dungeon
  6785 | D:5      | Noticed Prince Ribbit
  6990 | D:5      | Killed Prince Ribbit
  8663 | D:6      | Reached XP level 8. HP: 32/58 MP: 0/13
  8811 | D:6      | Reached skill level 5 in Stealth
  8811 | D:6      | Reached skill level 6 in Ice Magic
  8959 | D:6      | Learned a level 4 spell: Summon Ice Beast
  8964 | D:6      | Learned a level 4 spell: Throw Icicle
  9775 | D:6      | Reached skill level 1 in Summonings
  9935 | D:6      | Found a stormy altar of Qazlal.
 10652 | D:7      | HP: 3/67 [ice beast (1)]
 10652 | D:7      | Slain by an ice beast

Skill      XL: |  1  2  3  4  5  6  7  8 |
---------------+-------------------------+-----
Dodging        | 2 3 |  3.2
Spellcasting   | 2 3 4 |  4.7
Stealth        | 3 4 5 |  5.0
Conjurations   | 1 2 |  2.0
Ice Magic      | 4 5 6 |  6.7
Fighting       | 1 3 4 |  4.6
Summonings     | 2 |  2.1

Action                   |  1- 3 |  4- 6 |  7- 9 || total
-------------------------+-------+-------+-------++-------
Melee: Unarmed           |    77 |   104 |   133 ||   314
       Dagger            |       |       |   120 ||   120
 Cast: Freeze            |    40 |    92 |    64 ||   196
       Throw Frost       |     1 |    49 |    32 ||    82
  Use: Potion            |       |     2 |     1 ||     3
       Scroll            |       |       |    17 ||    17
 Stab: Sleeping          |     3 |       |     9 ||    12
  Eat: Chunk             |     5 |    18 |    21 ||    44
       Ration            |       |       |     2 ||     2
Armor: Robe              |    20 |    37 |    50 ||   107
Dodge: Dodged            |    76 |   112 |   156 ||   344
